 Dungeon Crawl Stone Soup version 0.31.0-1-g2c135a0 (webtiles) character file.

Game seed: 6874934417400681674

123804 samcosmo the Thaumaturge (level 16, -33/143 HPs)
             Began as a Purple Draconian Alchemist on Mar 18, 2024.
             Was a High Priest of Sif Muna.
             Killed from afar by Bai Suzhen (48 damage)
             ... with a torrent of water
             ... on level 2 of the Snake Pit on Mar 21, 2024.
             The game lasted 02:50:55 (36949 turns).

samcosmo the Thaumaturge (DrAl)                    Turns: 36949, Time: 02:50:56

Health: -33/143    AC: 17    Str: 11    XL:     16   Next: 37%
Magic:  18/34      EV: 19    Int: 27    God:    Sif Muna [*****.]
Gold:   1937       SH:  0    Dex: 17    Spells: 4/43 levels left

rFire   + + +        O - staff of fire
rCold   + . .        (no shield)
rNeg    + . .        (body armour unavailable)
rPois   +            (helmet restricted)
rElec   +            P - +1 cloak
rCorr   +            m - +2 pair of gloves
SInv    .            C - +2 pair of boots {Stlth+}
Will    ++...        Q - amulet of magic regeneration
Stlth   ++           F - ring of Propriety {rPois rF++ Int+6 Dex+5}
HPRegen 0.43/turn    s - ring of positive energy
MPRegen 0.64/turn

%: no passive effects
@: resistant, invisible, very slow
A: breathe power, AC +9, unfitting armour, cold-blooded, dopey 1, heat
vulnerability 1
a: Breathe Dispelling Energy, Renounce Religion, Channel Magic, Forget Spell,
Divine Exegesis


You were on level 2 of the Snake Pit.
You worshipped Sif Muna.
Sif Muna was extremely pleased with you.
You visited 6 branches of the dungeon, and saw 26 of its levels.

You collected 3073 gold pieces.
You spent 1136 gold pieces at shops.

Inventory:

Hand Weapons
 l - the +1 whip of the Building Gods {freeze, MP+9 Str+4}
   (You found it on level 2 of the Dungeon)

   Str+4:     It affects your strength (+4).
   MP+9:      It affects your magic capacity (+9).
Missiles
 e - 3 throwing nets
Armour
 d - a +0 pair of boots
 m - a +2 pair of gloves (worn)
 v - an orb of energy
 C - a +2 pair of boots of stealth (worn)
 P - a +1 cloak (worn)
Magical Staves
 i - a staff of alchemy
 O - a staff of fire (weapon)
Jewellery
 h - an amulet of the acrobat
 s - a ring of positive energy (right hand)
 u - a +6 ring of dexterity
 z - an amulet of guardian spirit
 F - the ring of Propriety (left hand) {rPois rF++ Int+6 Dex+5}
   (You found it on level 12 of the Dungeon)

   [ring of intelligence]

   Int+6:     It affects your intelligence (+6).
   Dex+5:     It affects your dexterity (+5).
   rF++:      It greatly protects you from fire.
   rPois:     It protects you from poison
 L - a ring of protection from fire
 M - a ring of positive energy
 Q - an amulet of magic regeneration (around neck)
 R - an amulet of regeneration
Talismans
 x - a serpent talisman
Wands
 k - a wand of polymorph (15)
 o - a wand of light (22)
 t - a wand of flame (54)
 y - a wand of charming (4)
 D - a wand of roots (25)
Scrolls
 f - 3 scrolls of amnesia
 q - 4 scrolls of silence
 r - 2 scrolls of enchant weapon
 w - 14 scrolls of identify
 B - 4 scrolls of poison
 E - 3 scrolls of teleportation
 G - 4 scrolls of revelation
 H - 4 scrolls of immolation
 J - a scroll of fog
Potions
 a - 4 potions of magic
 b - 4 potions of brilliance
 c - 2 potions of enlightenment
 g - 3 potions of attraction
 j - 9 potions of mutation
 n - a potion of resistance
 p - 11 potions of curing
 I - a potion of invisibility
 N - 2 potions of degeneration
 S - a potion of berserk rage {unknown}


   Skills:
 - Level 13.0 Fighting
 + Level 10.3 Staves
 - Level 12.0 Dodging
 - Level 1.7 Stealth
 + Level 14.2 Spellcasting
 - Level 1.0 Conjurations
 * Level 10.7 Fire Magic
 - Level 6.0 Air Magic
 - Level 12.4 Alchemy
 - Level 9.0 Invocations


You had 4 spell levels left.
You knew the following spells:

 Your Spells              Type           Power      Damage    Failure   Level
a - Sting                 Conj/Alch      100%       1d9       1%          1
b - Mercury Vapours       Alch/Air       100%       N/A       1%          2
c - Mephitic Cloud        Conj/Alch/Air  53%        N/A       1%          3
d - Olgreb's Toxic Radia  Alch           72%        N/A       1%          4
e - Sticky Flame          Fire/Alch      89%        2d13      1%          4
f - Eringya's Noxious Bo  Alch           36%        4d6       2%          6
g - Ignite Poison         Fire/Alch      89%        N/A       1%          4
h - Plasma Beam           Fire/Air       38%        2x1d52    14%         6
i - Airstrike             Air            25%        2d(4-20)  2%          4
j - Irradiate             Conj/Alch      27%        3d20      4%          5

Your spell library contained the following spells:

 Spells                   Type           Power      Damage    Failure   Level
 Foxfire                  Conj/Fire      100%       2x1d9     1%          1
 Magic Dart               Conj           96%        1d7       1%          1
 Cigotuvi's Dreadful Rot  Necr/Alch/Air  100%       N/A       1%          2
 Fulminant Prism          Conj/Alch      27%        3d14      1%          4
 Searing Ray              Conj           48%        2d6       2%          2
 Lesser Beckoning         Tloc           38%        N/A       4%          2
 Dazzling Flash           Conj/Hex       44%        N/A       7%          3
 Hailstorm                Conj/Ice       22%        3d7       7%          3
 Stone Arrow              Conj/Erth      44%        3d9       7%          3
 Gell's Gravitas          Tloc           19%        N/A       9%          3
 Sigil of Binding         Hex            19%        N/A       9%          3
 Teleport Other           Tloc           19%        N/A       9%          3
 Tukima's Dance           Hex            19%        N/A       9%          3
 Cause Fear               Hex            9%         N/A       28%         4
 Dimensional Bullseye     Hex/Tloc       9%         N/A       28%         4
 Yara's Violent Unravell  Hex/Alch       26%        3d11      6%          5
 Fireball                 Conj/Fire      33%        3d14      7%          5
 Silence                  Hex/Air        17%        N/A       22%         5
 Starburst                Conj/Fire      33%        6d10      36%         6
 Summon Forest            Summ/Tloc      9%         N/A       61%         5
 Conjure Ball Lightning   Conj/Air       19%        3x3d6     71%         6
 Enfeeble                 Hex            9%         N/A       100%        7
 Summon Hydra             Summ           9%         N/A       100%        7


Dungeon Overview and Level Annotations

Branches:
Dungeon (14/15)            Temple (1/1) D:6            Lair (5/5) D:10
 Shoals (1/4) Lair:3        Snake (3/4) Lair:2        Slime (0/5) Lair:4
    Orc (2/2) D:11            Elf (0/3) Orc:2
 Vaults: D:13-14

Altars:
Ashenzari
Dithmenos
Elyvilon
Fedhas
Gozag
Hepliaklqana
Kikubaaqudgha
Makhleb
Nemelex Xobeh
Okawaru
Qazlal
Ru
Sif Muna
Trog
Vehumet
Xom
Yredelemnul
Zin
The Shining One

Shops:
D:4 [?   D:10 *   D:11 *([[:   Orc:2 ?:(*[   Snake:1 ?**

Annotations:
D:4 3 runed translucent doors, Dwayden's ghost, amateur KoHs
D:9 exclusion: statue
D:14 Aqol's ghost, journeyman GrEE
Snake:2 Bai Suzhen
Snake:3 Mlioglotl


Innate Abilities, Weirdness & Mutations

You can breathe bolts of dispelling energy.
Your rich purple scales are hard. (AC +9)
You cannot fit into any form of body armour.
You are cold-blooded and may be slowed by cold attacks.
You are dopey. (Int -2)
You are vulnerable to heat. (rF-)


Message History

The torrent of water misses you.
The wave splashes down.
Splash!
You fall into the shallow water.
Moving in this stuff is going to be slow. ...and don't expect to remain undetected.
You feel protected.
You are engulfed in a thunderstorm.
You resist.
* * * LOW HITPOINT WARNING * * *
Bai Suzhen bites you.
* * * LOW HITPOINT WARNING * * *
Bai Suzhen claws you but does no damage.
Bai Suzhen closely misses you.
You feel much better. Bai Suzhen misses you.
Bai Suzhen claws you but does no damage.
Bai Suzhen tramples you.
* * * LOW HITPOINT WARNING * * *
You hold your ground!
Bai Suzhen attacks as she pursues you! Bai Suzhen bites you.
* * * LOW HITPOINT WARNING * * *
Bai Suzhen misses you. Bai Suzhen completely misses you.
Bai Suzhen breathes water at you. The torrent of water misses you.
The wave splashes down.
You enter the shallow water.
Moving in this stuff is going to be slow. ...and don't expect to remain undetected.
Bai Suzhen breathes water at you. The torrent of water misses you.
The wave splashes down.
Bai Suzhen attacks as she pursues you! Bai Suzhen bites you!
* * * LOW HITPOINT WARNING * * *
Bai Suzhen barely misses you.
Bai Suzhen tramples you but does no damage.
Bai Suzhen breathes water at you. The torrent of water misses you.
The wave splashes down.
Bai Suzhen pines for her lost husband.
You enter the shallow water.
Moving in this stuff is going to be slow. ...and don't expect to remain undetected.
Bai Suzhen breathes water at you. The torrent of water hits you!!!
You die...

#.### ####.....### #§..#
#.....###### ############.##
#.###......#### ........# #.§##
##.# #[..##..... ........#
##§§###.)# ###....###.
...<....# ##§D##.## ####.....
..(.....# ##§§#.# #####.
.....[..####
##.#.##########....
...........###
#@~~...........###
....>...##...###~~#####...#####
# ........####.##.~####
#.#.##### ........#
#.......÷###[#.....# #########
####.###.>..)#####.##
#..##...#### #))#
###.#......#### ##.#
####.....####....# #.##
##....#.### ####.#####..#


You could see Bai Suzhen (clouds, catching breath).

Vanquished Creatures
  Kirke (D:13)
  2 orc warlords
  Nessos (Orc:2)
  Snorg (Orc:1)
  A merfolk javelineer (Shoals:1)
  A fire dragon (Lair:5)
  Harold (D:11)
  Erolcha (D:11)
  An ice dragon (Lair:5)
  3 hydras
  2 ogre magi (Orc:2)
  2 centaur warriors
  2 anacondas (Snake:2)
  6 boulder beetles
  10 two-headed ogres
  Erica (D:9)
  2 catoblepae
  4 naga warriors
  12 death yaks
  A tengu warrior (D:10)
  3 orc high priests
  7 naga sharpshooters
  A shock serpent (Snake:2)
  2 skysharks
  Amaemon (Lair:1)
  9 skeletal warriors
  3 naga ritualists
  A swamp dragon (Lair:5)
  A lindwurm (Lair:5)
  7 mana vipers
  6 orc knights
  2 deep elf pyromancers
  A wolf spider zombie (D:13)
  7 orc sorcerers (Orc:2)
  An ugly thing (D:12)
  5 manticores
  16 black mambas
  4 cyclopes
  2 centaur zombies (D:13)
  4 salamanders
  Maurice (D:7)
  8 naga magi
  6 elephants (Lair:4)
  6 torpor snails
  An orange demon (Lair:1)
  14 cane toads
  Jeremiah (D:7)
  7 unseen horrors
  A gargoyle (D:7)
  10 komodo dragons
  A kobold demonologist (D:12)
  2 rime drakes
  A redback zombie (D:13)
  2 tengu conjurers (D:13)
  4 tyrant leeches (Lair:5)
  10 hornets
  3 polar bears
  Prince Ribbit (D:5)
  11 trolls
  5 saltlings (Orc:2)
  4 blink frogs (Lair:4)
  A meliai zombie (D:13)
  2 snapping turtles (Shoals:1)
  6 slime creatures
  A spriggan (shapeshifter) (D:14)
  2 shadows
  2 vampires
  3 wraiths
  47 yaks
  8 wyverns
  5 basilisks
  7 hogs (D:13)
  Grum (D:10)
  A steam dragon (Lair:5)
  5 wargs
  Menkaure (D:4)
  13 vampire mosquitoes
  5 acid dragons
  13 nagas
  16 water moccasins
  2 swamp drakes (Lair:5)
  3 ice beasts
  4 sky beasts
  33 orc warriors
  2 black bears
  2 laughing skulls (D:13)
  5 ogres
  10 wolves
  7 centaurs
  2 phantoms
  A kobold brigand (D:11)
  18 bullfrogs
  4 gnoll sergeants (D:11)
  A scorpion (D:5)
  14 wights
  10 killer bees
  5 howler monkeys
  3 lava snakes (Lair:2)
  2 bombardier beetles
  3 hounds
  11 orc priests
  6 jellies
  3 sleepcaps
  Jessica (D:2)
  6 iguanas
  Ijyb (D:1)
  21 orc wizards
  A boggart zombie (D:13)
  7 hell rats
  5 adders
  12 gnolls
  A river rat (D:10)
  4 white imps
  2 dart slugs
  A ribbon worm (D:3)
  74 orcs
  4 ball pythons
  2 bats
  3 endoplasms
  6 giant cockroaches
  10 goblins
  6 hobgoblins
  3 jackals (D:1)
  3 quokkas
  5 frilled lizards
  9 kobolds
  8 rats
  2 butterflies
724 creatures vanquished.

Vanquished Creatures (others)
  An arcanist (D:10)
  A manticore (D:11)
2 creatures vanquished.

Grand Total: 726 creatures vanquished

Notes
Turn   | Place    | Note
-------+----------+-------------------------------------------
     0 | D:1      | samcosmo the Draconian Alchemist began the quest for the
                  | Orb.
     0 | D:1      | Reached XP level 1. HP: 14/14 MP: 3/3
   284 | D:1      | Reached XP level 2. HP: 15/22 MP: 0/5
   724 | D:1      | Reached skill level 1 in Fighting
   729 | D:1      | Learned a level 2 spell: Mercury Vapours
  1082 | D:2      | Reached XP level 3. HP: 28/28 MP: 2/6
  1532 | D:2      | Noticed Jessica
  1536 | D:2      | Killed Jessica
  1537 | D:2      | Reached skill level 3 in Spellcasting
  1537 | D:2      | Reached XP level 4. HP: 36/36 MP: 2/8
  1605 | D:2      | Identified the +1 whip of the Building Gods {freeze, MP+9
                  | Str+4}
  1933 | D:2      | Learned a level 3 spell: Mephitic Cloud
  2399 | D:4      | Noticed a phantom
  2423 | D:4      | Noticed Ijyb
  2457 | D:1      | Killed Ijyb
  2584 | D:4      | Reached XP level 5. HP: 41/41 MP: 9/9
  2814 | D:3      | Learned a level 4 spell: Olgreb's Toxic Radiance
  2982 | D:4      | Found Kokoczue's Magic Scroll Shop.
  3057 | D:4      | Found a runed translucent gate.
  3057 | D:4      | Found a runed translucent gate.
  3057 | D:4      | Found an opulent altar of Gozag.
  3057 | D:4      | Found a runed translucent gate.
  3058 | D:4      | Found a sparkling altar of Nemelex Xobeh.
  3058 | D:4      | Noticed Dwayden's ghost (amateur KoHs)
  3100 | D:4      | Noticed Menkaure
  3104 | D:4      | Found Nuhaile's Armour Shop.
  3252 | D:4      | Reached XP level 6. HP: 50/50 MP: 11/11
  3608 | D:5      | Entered Level 5 of the Dungeon
  3802 | D:5      | Reached skill level 4 in Spellcasting
  3802 | D:5      | Reached skill level 1 in Fire Magic
  3890 | D:5      | Your scales start taking on a rich purple colour.
  3890 | D:5      | Reached skill level 5 in Spellcasting
  3890 | D:5      | Reached XP level 7. HP: 54/57 MP: 13/14
  3948 | D:5      | Learned a level 4 spell: Sticky Flame
  4162 | D:5      | Reached skill level 5 in Alchemy
  4212 | D:5      | HP: 2/58 [ice beast (6)]
  4482 | D:5      | Noticed Prince Ribbit
  4697 | D:4      | Killed Menkaure
  4698 | D:4      | Reached XP level 8. HP: 37/66 MP: 16/16
  4906 | D:5      | Killed Prince Ribbit
  4907 | D:5      | Reached skill level 6 in Spellcasting
  5051 | D:5      | Found a basalt altar of Yredelemnul.
  5377 | D:6      | Found a white marble altar of Elyvilon.
  5377 | D:6      | Found a glowing silver altar of Zin.
  5377 | D:6      | Found a glowing golden altar of the Shining One.
  5420 | D:6      | Noticed a troll
  5439 | D:6      | Killed a troll
  5440 | D:6      | Reached skill level 5 in Fighting
  5537 | D:6      | Found a staircase to the Ecumenical Temple.
  5546 | Temple   | Entered the Ecumenical Temple
  5579 | Temple   | Became a worshipper of Sif Muna the Loreminder
  5993 | D:6      | Reached skill level 5 in Dodging
  6017 | D:6      | Reached XP level 9. HP: 70/74 MP: 19/19
  6214 | D:6      | Killed an unseen horror
  6215 | D:6      | Reached skill level 7 in Spellcasting
  6627 | D:6      | Noticed an unseen horror
  6628 | D:6      | Killed an unseen horror
  7198 | D:7      | Reached * piety under Sif Muna
  7279 | D:7      | Noticed Jeremiah
  7300 | D:7      | Killed Jeremiah
  7301 | D:7      | Reached skill level 8 in Spellcasting
  7506 | D:7      | Reached XP level 10. HP: 86/86 MP: 22/22
  7875 | D:7      | Got the Directory of the Gardener
  7878 | D:7      | Noticed a gargoyle
  7880 | D:7      | Killed a gargoyle
  8134 | D:7      | Noticed Maurice
  8506 | D:7      | Killed Maurice
  8507 | D:7      | Reached skill level 9 in Spellcasting
  9264 | D:8      | Reached ** piety under Sif Muna
  9675 | D:8      | Found an ancient bone altar of Kikubaaqudgha.
 10843 | D:9      | Reached XP level 11. HP: 95/95 MP: 17/24
 10961 | D:9      | Found a radiant altar of Vehumet.
 11126 | D:9      | Noticed Erica
 11140 | D:9      | Killed Erica
 11292 | D:10     | Entered Level 10 of the Dungeon
 11433 | D:10     | Reached skill level 10 in Spellcasting
 11540 | D:10     | Noticed Grum
 11549 | D:10     | Killed Grum
 11642 | D:10     | Noticed a skeletal warrior
 11642 | D:10     | Noticed a tengu warrior
 11651 | D:10     | Killed a skeletal warrior
 11657 | D:10     | Reached skill level 1 in Invocations
 11900 | D:10     | Killed a tengu warrior
 12131 | D:10     | Reached *** piety under Sif Muna
 12134 | D:10     | Noticed a death yak
 12136 | D:10     | Noticed a death yak
 12138 | D:10     | Noticed a death yak
 12146 | D:10     | Killed a death yak
 12149 | D:10     | HP: 2/99 [death yak (19)]
 12468 | D:10     | Found Mefoen's Serpentskin Sales.
 12505 | D:10     | Bought a staff of alchemy for 300 gold pieces
 12514 | D:10     | Found a bloodstained altar of Trog.
 12518 | D:10     | Noticed a wizard
 12523 | D:10     | Killed a wizard
 12772 | D:10     | Killed a death yak
 13186 | D:10     | Reached skill level 10 in Fighting
 13243 | D:10     | Found a staircase to the Lair.
 13394 | D:10     | Killed a death yak
 13395 | D:10     | Reached skill level 10 in Alchemy
 13592 | D:11     | Noticed a deep elf pyromancer
 13601 | D:11     | Reached XP level 12. HP: 106/106 MP: 13/26
 13605 | D:11     | Reached skill level 11 in Spellcasting
 13633 | D:11     | Noticed a two-headed ogre
 13856 | D:11     | Killed a two-headed ogre
 13999 | D:11     | Noticed a boulder beetle
 14010 | D:11     | Killed a boulder beetle
 14116 | D:11     | Reached skill level 5 in Invocations
 14179 | D:11     | Found Hyewe's Armour Emporium.
 14196 | D:11     | Noticed Harold
 14205 | D:11     | Killed Harold
 14391 | D:11     | Bought a +2 pair of boots of stealth for 258 gold pieces
 14397 | D:11     | Reached **** piety under Sif Muna
 14606 | D:11     | Found Rutakh's Book Emporium.
 14614 | D:11     | Noticed Erolcha
 14634 | D:11     | Killed Erolcha
 14914 | D:11     | Found a staircase to the Orcish Mines.
 14921 | D:11     | Found Rideamm's Armour Shoppe.
 14932 | D:11     | Found Fyuphon's Weapon Shoppe.
 14934 | D:11     | Found Nufaol's Assorted Antiques.
 15800 | D:12     | Noticed a boulder beetle
 15815 | D:12     | Killed a boulder beetle
 16010 | D:12     | Found a transporter.
 16212 | D:12     | Identified the ring of Propriety {rPois rF++ Int+6 Dex+5}
 16243 | D:12     | Reached skill level 12 in Spellcasting
 16354 | D:12     | Noticed a boulder beetle
 16365 | D:12     | Killed a boulder beetle
 16366 | D:12     | Reached XP level 13. HP: 108/116 MP: 17/29
 16675 | D:12     | Found a transporter.
 16696 | D:12     | Found a transporter.
 16698 | D:12     | Found a transporter.
 17305 | Lair:1   | Entered Level 1 of the Lair of Beasts
 17396 | Lair:1   | Reached skill level 10 in Dodging
 17506 | Lair:1   | Reached ***** piety under Sif Muna
 17671 | Lair:1   | Reached skill level 1 in Staves
 17746 | Lair:1   | Noticed Amaemon
 17829 | Lair:1   | Killed Amaemon
 18379 | Lair:2   | Found a staircase to the Snake Pit.
 19094 | Lair:2   | You fall into a shaft and drop 2 floors!
 19177 | Lair:3   | Found a staircase to the Shoals.
 20159 | Lair:3   | Received a gift from Sif Muna
 20161 | Lair:3   | Got Sif Muna's Octavo of Hexing {god gift}
 21391 | Lair:3   | Learned a level 6 spell: Eringya's Noxious Bog
 22033 | Lair:4   | Found a staircase to the Slime Pits.
 22069 | Lair:4   | Reached XP level 14. HP: 126/127 MP: 21/30
 22076 | Lair:4   | Reached skill level 13 in Spellcasting
 23096 | Lair:5   | Entered Level 5 of the Lair of Beasts
 24062 | D:13     | Reached skill level 5 in Staves
 25576 | D:13     | Found an iron altar of Okawaru.
 25744 | D:13     | Noticed Kirke
 25763 | D:13     | Killed Kirke
 25763 | D:13     | Received a gift from Sif Muna
 25764 | D:13     | Got Sif Muna's Vellum of Injurious Substances {god gift}
 25770 | D:13     | Learned a level 4 spell: Ignite Poison
 26683 | D:14     | Reached skill level 5 in Fire Magic
 27097 | D:11     | Bought a book of Fire for 384 gold pieces
 27152 | D:14     | Noticed a vampire knight
 27189 | D:14     | Noticed Aqol's ghost (journeyman GrEE)
 27196 | D:14     | Learned a level 6 spell: Plasma Beam
 28188 | Lair:5   | Reached skill level 1 in Air Magic
 28307 | Lair:5   | Reached skill level 14 in Spellcasting
 28310 | Lair:5   | Reached XP level 15. HP: 114/129 MP: 27/33
 28463 | Lair:4   | Learned a level 4 spell: Airstrike
 29620 | Orc:1    | Entered Level 1 of the Orcish Mines
 30015 | Orc:1    | Received a gift from Sif Muna
 30017 | Orc:1    | Got Inasee's Folio of Concussion {god gift}
 30071 | Orc:1    | Noticed Snorg
 30077 | Orc:1    | Killed Snorg
 30167 | Orc:1    | You fall into a shaft and drop 1 floor!
 30167 | Orc:2    | Entered Level 2 of the Orcish Mines
 30216 | Orc:2    | Found Gytoara's Magic Scroll Shoppe.
 30438 | Orc:2    | Noticed Nessos
 30446 | Orc:2    | Killed Nessos
 31043 | Orc:2    | Reached skill level 5 in Air Magic
 31123 | Orc:2    | Found Terupp's Book Shop.
 31239 | Orc:2    | Found Zudweavor's Antique Armour Shoppe.
 31241 | Orc:2    | Found Ituamp's Assorted Antiques.
 31403 | Orc:2    | Bought a scroll of enchant armour for 97 gold pieces
 31403 | Orc:2    | Bought a scroll of enchant armour for 97 gold pieces
 31466 | Orc:2    | Found a staircase to the Elven Halls.
 31532 | Orc:2    | Found Vuups's Weapon Shoppe.
 32228 | Lair:5   | Gained mutation: You are dopey. (Int -2) [mutagenic glow]
 32924 | Shoals:1 | Entered Level 1 of the Shoals
 32935 | Shoals:1 | Reached skill level 10 in Fire Magic
 32942 | Shoals:1 | Received a gift from Sif Muna
 32943 | Shoals:1 | Got Ituonem's Tome of the Coruscating Lungs {god gift}
 33098 | Snake:1  | Entered Level 1 of the Snake Pit
 33416 | Snake:1  | Gained mutation: You are vulnerable to heat. (rF-)
                  | [mutagenic glow]
 34058 | Snake:1  | Found Dor Nop's Assorted Antiques.
 34060 | Snake:1  | Found Votar's Assorted Antiques.
 34063 | Snake:1  | Found Xol Qohe's Magic Scroll Boutique.
 34109 | Snake:1  | Reached XP level 16. HP: 101/143 MP: 25/34
 34654 | Snake:1  | Found an iron altar of Okawaru.
 35852 | Snake:2  | Reached skill level 10 in Staves
 36451 | Snake:3  | Noticed Mlioglotl
 36471 | Snake:3  | Noticed Bai Suzhen
 36501 | Snake:2  | Learned a level 5 spell: Irradiate
 36949 | Snake:2  | Killed from afar by Bai Suzhen

Illustrated notes

Levels and vault maps discovered:
D:1:      scummos_arrival_forest, layout_basic, minmay_misc_feat_cross,
          hangedman_decor_clover_reticule
D:2:      layout_loops_ring, uniq_jessica
D:3:      layout_rooms
D:4:      dreamdust_elfheim, layout_basic, nicolae_overflow_hidden_temple,
          ebering_ghost_gozag, serial_shops, shop, shop, uniq_ijyb,
          uniq_menkaure
D:5:      layout_cave_pools, mainiacjoe_overflow_alcove_2, uniq_prince_ribbit1
D:6:      layout_gridville, good_gods_mini_temple,
          minmay_temple_entry_stoned_glass, kb_rosetta
D:7:      nzn_winding_woodlands_medium [nzn_winding_woodlands_5x5_default,
          nzn_winding_woodlands_5x15_concentric,
          nzn_winding_woodlands_5x5_default, nzn_winding_woodlands_5x5_cross,
          nzn_winding_woodlands_center_diamonds,
          nzn_winding_woodlands_5x5_open_star,
          nzn_winding_woodlands_5x5_perimeter,
          nzn_winding_woodlands_5x15_jagged, nzn_winding_woodlands_5x5_default],
          layout_cave_pools, serial_column_ruins, column_ruins_hut,
          column_ruins_square_huge, column_ruins_open_tiny,
          column_ruins_columns_corner, column_ruins_columns_dead_end,
          column_ruins_grid_3, column_ruins_corridor_T, column_ruins_grid_1,
          column_ruins_columns_straight, uniq_jeremiah, uniq_maurice
D:8:      layout_gridville, amcnicky_altar_gilded
D:9:      layout_rooms, vehumet_statue, nicolae_eternal_life, nrook_uturn,
          uniq_erica
D:10:     minmay_ornate_pinched, layout_small_grid, trog_wizard,
          dpeg_lair_monsters, guppyfry_shop_venom, uniq_grum
D:11:     layout_rooms, kennysheep_orc_monster_closet_entryway, serial_shops,
          shop, shop, nicolae_shop_peninsula, shop, shop,
          minmay_alternating_orb, uniq_harold, uniq_erolcha
D:12:     minmay_cornered_nines, layout_basic, nicolae_diode_intersection
D:13:     layout_roguey, serial_undead, serial_undead_d, serial_undead_c,
          serial_undead_d, serial_undead_d, kennysheep_okawaru_gauntlet,
          uniq_kirke
D:14:     layout_rooms, ximxim_vaults_locker_room, gammafunk_ghost_mausoleum
Temple:   minmay_temple_curvy_loop
Lair:1:   layout_hall_layers, lemuel_fruit_fields, uniq_amaemon
Lair:2:   layout_cave_pods, nicolae_snake_entry_warm_welcome
Lair:3:   layout_small_grid, shoals_dummy_entry, hibernation_bobbens,
          grunt_megastairs_4, lemuel_fruit_fields
Lair:4:   layout_big_grid, nicolae_slime_entry_field_trip, lemuel_fruit_fields
Lair:5:   wormcave, layout_cave_shapes, guppyfry_lair_end_dragon,
          serial_bayou_pond_e
Shoals:1: layout_shoals, nicolae_shoals_circle_sea_wall
Snake:1:  cheibrodos_snake_ritualist_ritual, layout_layer_cave, basic_altar,
          minmay_shop_star, grunt_megastairs_5
Snake:2:  layout_rooms, special_room
Snake:3:  layout_cave_shapes, uniq_bai_suzhen, uniq_mlioglotl, uniq_louise
Orc:1:    layout_caves, basic_altar, uniq_snorg
Orc:2:    hellmonk_orc_salted, layout_caves, serial_shops, shop, uniq_nessos

Skill      XL: |  1  2  3  4  5  6  7  8  9 10 11 12 13 14 15 16 |
---------------+-------------------------------------------------+-----
Dodging        | 2 3 4 5 6 7 8 9 10 11 12 | 12.0
Fighting       | 1 2 3 4 5 7 8 10 11 12 13 | 13.0
Spellcasting   | 3 5 6 8 9 10 12 14 | 14.2
Alchemy        | 4 5 6 7 8 10 11 12 | 12.4
Fire Magic     | 1 3 4 6 10 | 10.7
Invocations    | 3 6 8 9 |  9.0
Staves         | 4 6 9 10 | 10.3
Air Magic      | 2 6 |  6.0
Stealth        | |  1.7
Conjurations   | |  1.0

Action                     |  1- 3 |  4- 6 |  7- 9 | 10-12 | 13-15 | 16-18 || total
---------------------------+-------+-------+-------+-------+-------+-------++-------
  Melee: Unarmed           |    32 |       |       |       |       |       ||    32
         Tailslap          |     4 |     2 |     5 |    45 |    98 |    13 ||   167
         Whip              |       |    34 |    38 |    80 |       |       ||   152
         Punch             |       |       |       |     7 |     4 |     1 ||    12
         Staff             |       |       |       |   131 |   441 |    45 ||   617
   Cast: Sting             |    62 |   104 |   112 |   175 |   121 |       ||   574
         Mercury Vapours   |     1 |     6 |     3 |    43 |    64 |     5 ||   122
         Olgreb's Toxic Ra |       |     3 |     9 |    59 |    64 |       ||   135
         Mephitic Cloud    |       |     2 |     5 |    23 |    22 |       ||    52
         Sticky Flame      |       |       |    26 |    78 |   109 |     5 ||   218
         Eringya's Noxious |       |       |       |       |    49 |     2 ||    51
         Ignite Poison     |       |       |       |       |    79 |     3 ||    82
         Plasma Beam       |       |       |       |       |    28 |    75 ||   103
         Airstrike         |       |       |       |       |    23 |     2 ||    25
         Irradiate         |       |       |       |       |       |     2 ||     2
 Invoke: Channel Magic     |       |       |       |       |     3 |       ||     3
Ability: Breathe Dispellin |       |       |       |       |     2 |     1 ||     3
    Use: Scroll            |       |     7 |     4 |     8 |     6 |     3 ||    28
         Potion            |       |       |     1 |     4 |       |     4 ||     9
   Stab: Confused          |       |       |       |     2 |     1 |       ||     3
         Invisible         |       |       |       |     2 |       |       ||     2
         Sleeping          |       |       |       |     1 |       |       ||     1
         Petrified         |       |       |       |       |     3 |       ||     3
 Armour: Skin              |    24 |    77 |    96 |   293 |   519 |    79 ||  1088
  Dodge: Dodged            |    30 |    63 |    88 |   368 |   761 |    87 ||  1397
